 Dungeon Crawl Stone Soup version 0.25-a0-869-g05d4e06 (webtiles) character file.

Game seed: 4630547162390100264, levelgen mode: deterministic

504730 Illumine the Messiah (level 24, -1/201 HPs)
             Began as a Hill Orc Fighter on Apr 29, 2020.
             Was the Champion of Beogh.
             Killed from afar by an electric golem (3 damage)
             ... with a bolt of lightning
             ... on level 5 of the Realm of Zot on Apr 30, 2020.
             The game lasted 05:23:07 (57590 turns).

Illumine the Messiah (Hill Orc Fighter)            Turns: 57590, Time: 05:23:07

Health: -1/201     AC: 32    Str: 32    XL:     24   Next: 98%
Magic:  27/37      EV: 15    Int: 12    God:    Beogh [******]
Gold:   6397       SH: 26    Dex: 18    Spells: 23/23 levels left

rFire    + + +     SeeInvis +   R - +8 flail of the Reaper {elec, rF+ rN+ Dex+4}
rCold    + . .     Gourm    .   K - +2 tower shield
rNeg     + + +     Faith    .   h - +3 gold dragon scales
rPois    +         Spirit   .   q - +3 crown of Dyrovepreva {rElec Int+2 SInv}
rElec    +         Reflect  .   t - scarf {cloud immunity}
rCorr    +         Harm     .   O - +0 pair of gloves {Dex+3}
MR       +++++     Clarity  +   S - +1 pair of boots "Locul" {Int+4}
Stlth    ..........             V - amulet of the Four Winds {rN+ MR+++ Clar}
HPRegen  0.43/turn              m - ring of the Lumpy Wonders {rPois rF+ MR+ rCorr}
MPRegen  0.25/turn              j - ring "Luesol" {rElec rN+ Str+3}

@: very slightly contaminated, invisible
A: walk on water, berserk 1, dopey 1, frail 1
}: 3/15 runes: barnacled, silver, gossamer
a: Smiting, Recall Orcish Followers, Give Item to Named Follower, Resurrection,
Renounce Religion


You were on level 5 of the Realm of Zot.
You worshipped Beogh.
Beogh was exalted by your worship.
You were not hungry.

You visited 9 branches of the dungeon, and saw 49 of its levels.
You also visited: Sewer, Gauntlet, Ice Cave and Desolation.

You collected 7358 gold pieces.
You spent 961 gold pieces at shops.

Inventory:

Hand Weapons
 c - a +6 triple crossbow of flaming
 e - the +9 flail of Summer {freeze, Str+4}
   (You found it on level 5 of the Vaults)

   It has been specially enchanted to freeze those struck by it, causing extra
   injury to most foes and up to half again as much damage against particularly
   susceptible opponents.
   It can also slow down cold-blooded creatures.
   It affects your strength (+4).
 y - the +3 mace "Ogrebane" {vamp, rF+ rN+ Int+2}
   (You found it on level 4 of the Vaults)

   It inflicts no extra harm, but heals its wielder when it wounds a living foe.
   It affects your intelligence (+2).
   It protects you from fire.
   It protects you from negative energy.
 I - a +7 broad axe of freezing
 J - a +4 demon whip of electrocution
 M - the +8 arc blade {discharge, rElec}
   (You took it off a deep elf demonologist on level 3 of the Elven Halls)

   It insulates you from electricity.
 R - the +8 flail of the Reaper (weapon) {elec, rF+ rN+ Dex+4}
   (You took it off a deep elf high priest on level 3 of the Elven Halls)

   Occasionally, upon striking a foe, it will discharge some electrical energy
   and cause terrible harm.
   It affects your dexterity (+4).
   It protects you from fire.
   It protects you from negative energy.
 T - the +9 mace of Ociz {vorpal, +Blink rPois Int+9}
   (You found it on level 5 of the Vaults)

   It inflicts extra damage upon your enemies.
   It affects your intelligence (+9).
   It protects you from poison.
   It lets you blink.
Missiles
 w - 48 boomerangs (quivered)
Armour
 h - +3 gold dragon scales (worn)
 q - the +3 crown of Dyrovepreva (worn) {rElec Int+2 SInv}
   (You found it on level 4 of the Depths)

   It affects your intelligence (+2).
   It insulates you from electricity.
   It lets you see invisible.
 r - +4 storm dragon scales {Bai Suzhen}
 t - a scarf of cloud immunity (worn)
 F - +4 fire dragon scales
 K - a +2 tower shield (worn)
 O - a +0 pair of gloves of dexterity (worn)
 S - the +1 pair of boots "Locul" (worn) {Int+4}
   (You found it on level 1 of the Elven Halls)

   It affects your intelligence (+4).
Jewellery
 i - the ring of Shadows {Umbra +Inv Stlth+}
   (You found it on level 3 of the Elven Halls)

   [ring of stealth]

   It lets you turn invisible.
   It makes you more stealthy.
 j - the ring "Luesol" (right hand) {rElec rN+ Str+3}
   (You took it off a minotaur in a Gauntlet)

   [ring of positive energy]

   It affects your strength (+3).
   It insulates you from electricity.
   It protects you from negative energy.
 m - the ring of the Lumpy Wonders (left hand) {rPois rF+ MR+ rCorr}
   (You found it on level 3 of the Elven Halls)

   [ring of resist corrosion]

   It protects you from fire.
   It protects you from poison.
   It affects your resistance to hostile enchantments.
   It provides partial protection from all sources of acid and corrosion.
 v - the cursed necklace of Bloodlust {*Rage +Rage MR++ Int-3 Slay+6 *Curse}
   (You took it off a tengu reaver on level 4 of the Vaults)

   [amulet of rage]

   It affects your intelligence (-3).
   It affects your accuracy and damage with ranged weapons and melee attacks
   (+6).
   It affects your resistance to hostile enchantments.
   It lets you go berserk.
   It may make you go berserk in combat.
   It curses itself when equipped.
   It has a curse placed upon it.
 x - the ring of Maeryun {*Slow rF+ rN+ Int+2}
   (You found it in the Desolation of Salt)

   [ring of protection from fire]

   It affects your intelligence (+2).
   It protects you from fire.
   It protects you from negative energy.
   It may slow you when you take damage.
 B - an uncursed ring of protection from fire
 C - the ring of the Death Scarab {Wiz Str+3}
   (You found it in a Gauntlet)

   [ring of wizardry]

   It improves your spell success rate.
   It affects your strength (+3).
 L - an uncursed ring of resist corrosion
 N - the ring of Zorchis {rElec rF+ Int+3}
   (You took it off a deep elf high priest on level 3 of the Elven Halls)

   [ring of protection from fire]

   It affects your intelligence (+3).
   It protects you from fire.
   It insulates you from electricity.
 U - the ring of Etwur {rF+ rN++ MP+9 Int+3 Dex+2}
   (You found it in an ice cave)

   [ring of magical power]

   It affects your intelligence (+3).
   It affects your dexterity (+2).
   It protects you from fire.
   It greatly protects you from negative energy.
   It affects your magic capacity (+9).
 V - the amulet of the Four Winds (around neck) {rN+ MR+++ Clar}
   (You found it on level 6 of the Lair of Beasts)

   [amulet of nothing]

   It protects you from negative energy.
   It affects your resistance to hostile enchantments.
   It protects you against confusion.
 W - the ring "Suwn" {rC+ Dex+2 SInv}
   (You bought it in a shop on level 2 of the Elven Halls)

   [ring of protection from cold]

   It affects your dexterity (+2).
   It protects you from cold.
   It lets you see invisible.
Wands
 a - a wand of disintegration (58)
 G - a wand of digging (14)
Scrolls
 b - 4 scrolls of silence
 g - 3 scrolls of enchant weapon
 k - 19 scrolls of teleportation
 l - 12 scrolls of remove curse
 n - a scroll of magic mapping
 p - a scroll of holy word
 A - 2 scrolls of identify
 P - 3 scrolls of blinking
 X - a scroll of enchant armour
Potions
 d - 4 potions of might
 o - 6 potions of ambrosia
 s - 4 potions of resistance
 u - 7 potions of mutation
 z - 6 potions of flight
 D - 12 potions of curing
 H - a potion of berserk rage
 Q - 2 potions of invisibility
 Y - 5 potions of haste
 Z - a potion of cancellation
Comestibles
 f - 48 rations


   Skills:
 + Level 20.2 Fighting
 - Level 18.0(19.0) Axes
 - Level 10.2(14.0) Maces & Flails
 + Level 13.0 Throwing
 + Level 18.3 Armour
 + Level 14.0 Dodging
 + Level 19.0 Shields
 + Level 20.8 Invocations


You had 23 spell levels left.
You didn't know any spells.
Your spell library contained the following spells:

 Spells                   Type           Power        Failure   Level  Hunger
 Animate Skeleton         Necr           N/A          100%        1    ##.....
 Apportation              Tloc           #.....       100%        1    ##.....
 Beastly Appendage        Tmut           #.....       100%        1    ##.....
 Corona                   Hex            #......      100%        1    ##.....
 Foxfire                  Conj/Fire      #...         100%        1    ##.....
 Freeze                   Ice            #...         100%        1    ##.....
 Magic Dart               Conj           #...         100%        1    ##.....
 Sandblast                Erth           #.....       100%        1    ##.....
 Shock                    Conj/Air       #...         100%        1    ##.....
 Sting                    Tmut/Pois      #...         100%        1    ##.....
 Summon Butterflies       Summ           #.......     100%        1    ##.....
 Summon Small Mammal      Summ           #...         100%        1    ##.....
 Blink                    Tloc           N/A          100%        2    ###....
 Call Imp                 Summ           #.......     100%        2    ###....
 Ensorcelled Hibernation  Hex/Ice        #.....       100%        2    ###....
 Passwall                 Tmut/Erth      #.......     100%        2    ###....
 Poisonous Vapours        Pois/Air       #.....       100%        2    ###....
 Searing Ray              Conj           #.....       100%        2    ###....
 Slow                     Hex            #.......     100%        2    ###....
 Song of Slaying          Chrm           #.......     100%        2    ###....
 Sticks to Snakes         Tmut           #.......     100%        2    ###....
 Sublimation of Blood     Necr           #.........   100%        2    ###....
 Swiftness                Chrm/Air       #.......     100%        2    ###....
 Confusing Touch          Hex            #.......     100%        3    ####...
 Conjure Flame            Conj/Fire      #.......     100%        3    ####...
 Dazzling Flash           Conj/Hex       #.....       100%        3    ####...
 Frozen Ramparts          Ice            #.....       100%        3    ####...
 Ignite Poison            Fire/Tmut/Pois #.......     100%        3    ####...
 Inner Flame              Hex/Fire       #.......     100%        3    ####...
 Lesser Beckoning         Tloc           #.........   100%        3    ####...
 Mephitic Cloud           Conj/Pois/Air  #.......     100%        3    ####...
 Ozocubu's Armour         Chrm/Ice       #.......     100%        3    ####...
 Portal Projectile        Hex/Tloc       #.....       100%        3    ####...
 Recall                   Summ/Tloc      N/A          100%        3    ####...
 Spider Form              Tmut/Pois      #.........   100%        3    ####...
 Static Discharge         Conj/Air       #.......     100%        3    ####...
 Stone Arrow              Conj/Erth      #.....       100%        3    ####...
 Tukima's Dance           Hex            #.......     100%        3    ####...
 Vampiric Draining        Necr           #.........   100%        3    ####...
 Airstrike                Air            #.........   100%        4    #####..
 Cause Fear               Hex            #.........   100%        4    #####..
 Fulminant Prism          Conj/Hex       #.........   100%        4    #####..
 Hailstorm                Conj/Ice       #.......     100%        4    #####..
 Ice Form                 Ice/Tmut       #.......     100%        4    #####..
 Iskenderun's Mystic Bla  Conj/Tloc      #.......     100%        4    #####..
 Leda's Liquefaction      Hex/Erth       #.........   100%        4    #####..
 Passage of Golubria      Tloc           N/A          100%        4    #####..
 Petrify                  Tmut/Erth      #.......     100%        4    #####..
 Sticky Flame             Conj/Fire      #.......     100%        4    #####..
 Summon Ice Beast         Ice/Summ       #.......     100%        4    #####..
 Summon Lightning Spire   Summ/Air       #.......     100%        4    #####..
 Alistair's Intoxication  Tmut/Pois      #.......     100%        5    ######.
 Blade Hands              Tmut           #.........   100%        5    ######.
 Bolt of Magma            Conj/Fire/Erth #.........   100%        5    ######.
 Excruciating Wounds      Chrm/Necr      #.........   100%        5    ######.
 Fireball                 Conj/Fire      #.........   100%        5    ######.
 Irradiate                Conj/Tmut      #.........   100%        5    ######.
 Iskenderun's Battlesphe  Conj/Chrm      #.......     100%        5    ######.
 Lee's Rapid Deconstruct  Erth           #.........   100%        5    ######.
 Lightning Bolt           Conj/Air       #.........   100%        5    ######.
 Metabolic Englaciation   Hex/Ice        #.........   100%        5    ######.
 Silence                  Hex/Air        #.........   100%        5    ######.
 Summon Mana Viper        Hex/Summ       #.......     100%        5    ######.
 Conjure Ball Lightning   Conj/Air       #.........   100%        6    #######
 Eringya's Noxious Bog    Tmut/Pois      #.........   100%        6    #######
 Freezing Cloud           Conj/Ice/Air   #.........   100%        6    #######
 Hydra Form               Tmut           #.........   100%        6    #######
 Invisibility             Hex            #.......     100%        6    #######
 Iron Shot                Conj/Erth      #.........   100%        6    #######
 Ozocubu's Refrigeration  Ice            #.........   100%        6    #######
 Simulacrum               Ice/Necr       #.........   100%        6    #######
 Statue Form              Tmut/Erth      #........    100%        6    #######
 Dragon Form              Tmut           #.........   100%        7    #######
 Malign Gateway           Summ/Tloc      #.........   100%        7    #######
 Orb of Destruction       Conj           #.........   100%        7    #######
 Ring of Flames           Chrm/Fire      #.........   100%        7    #######
 Spellforged Servitor     Conj/Summ      #.........   100%        7    #######
 Summon Hydra             Summ           #.........   100%        7    #######
 Discord                  Hex            #.........   100%        8    #######
 Ignition                 Fire           #.........   100%        8    #######
 Shatter                  Erth           #.........   100%        9    #######
 Tornado                  Air            #.........   100%        9    #######


Dungeon Overview and Level Annotations

Branches:
Dungeon (15/15)            Temple (0/1) D:7            Lair (6/6) D:8
 Shoals (4/4) Lair:4       Spider (4/4) Lair:3        Slime (0/5) Lair:5
    Orc (2/2) D:11            Elf (3/3) Orc:2        Vaults (5/5) D:14
  Crypt (0/3) Vaults:3     Depths (5/5) D:15            Zot (5/5) Depths:5
  Sewer (visited)           IceCv (visited)         Desolation (visited)
Gauntlet (visited)

Altars:
Ashenzari
Dithmenos
Elyvilon
Hepliaklqana
Nemelex Xobeh
Okawaru
Qazlal
Sif Muna
Trog
Uskayaw
Vehumet
Xom
Zin
Beogh

Shops:
D:4 (   Orc:1 :   Orc:2 [!((   Elf:2 }}=}   Elf:3 *   Shoals:2 (

Portals:
Hell: Depths:1 Depths:2 Depths:4 Depths:5
Abyss: Depths:2 Depths:4
Pandemonium: Depths:3
Trove: Vaults:1 (give +8 demon whip)

Annotations:
D:5 2 transporters, dragonknight44's ghost, novice GnWz
D:6 2 transporters, Caerwyn's ghost, novice OgTm
D:12 2 transporters, Didditsa's ghost, journeyman DrIE
Vaults:3 3 runed translucent doors, Leiwk's ghost, veteran FoEE
Zot:5 Saint Roka


Innate Abilities, Weirdness & Mutations

You can walk on water.
You tend to lose your temper in combat.
You are dopey. (Int -2)
You are frail. (-10% HP)


Message History

Unknown command.
You feel better.
The electric golem blinks! x2
Unknown command.
The orb of fire emits a lurid red light.
The bolt of fire hits you. You resist.
* * * LOW HITPOINT WARNING * * *
The red draconian annihilator gestures at the orb of fire while chanting.
The bolt of lightning hits the orb of fire.
The orb of fire completely resists.
The bolt of lightning hits the electric golem.
The electric golem completely resists.
The orb of fire glows red.
The bolt of fire hits you! You resist.
* * * LOW HITPOINT WARNING * * *
Things that are here:
the +9 trident "Wig Caes" {venom, *Corrode Dex+4} a +1 plate armour; a +0 kite shield The electric golem hurls lightning at you.
The bolt of lightning hits you. You resist.
You die...

,,,* *#....^.f...X##
*,,....... ,,,*
#^..)...)...# *,,.%.....
,,,* ##....).○....##
*,,,,,,,,, ,,**
#.....(.☼o....# **,,,,,,,,
,** *#.^...Dq☼.o...#*
**,,,,,,, **
#.^....Xq.......# **,,,,,,
#▓▓*
########*########▓▓▓▓**##***
#..* #.....)).)[...(....#
#.,* #..*
#......8))@..####..# #..*
#..* ##?.........## #..#
#..## #..## ##........##
##..# #.... #...##
##......## ##...## #...÷
*#...## ########
##.....###..## ##...##
##...#...##..# ##...##
##...###......# *
##.oo##########o..##
##....## #*
##o....oooo.....## ##.<.##


You could see an orb of fire, an electric golem and an Orb Guardian.

Vanquished Creatures
  An orb of fire (Zot:5)
  A juggernaut (Depths:4)
  2 ancient liches (Zot:5)
  Saint Roka (Orc:2)
  2 golden dragons
  5 tentacled monstrosities
  3 Orb Guardians (Zot:5)
  3 deep elf blademasters
  A quicksilver dragon (Zot:5)
  A lich (Depths:3)
  Polyphemus (Shoals:2)
  3 sphinxes
  2 tengu reavers
  2 shadow dragons
  A draconian monk (Zot:5)
  A draconian knight (Depths:5)
  5 fire giants
  4 frost giants
  11 vault wardens
  A draconian scorcher (Zot:3)
  2 ghost moths (Spider:4)
  3 imperial myrmidons (Desolation)
  A draconian shifter (Zot:2)
  5 deep elf elementalists
  4 deep elf sorcerers
  6 very ugly things
  5 ironheart preservers
  2 entropy weavers
  4 vampire knights
  A stone giant (Depths:4)
  3 spriggan defenders
  7 deep elf demonologists
  3 spark wasps
  A minotaur (Gauntlet)
  3 deep elf annihilators
  A halazid warlock (Desolation)
  A purple draconian (Zot:5)
  A yellow draconian (Zot:2)
  2 small abominations
  A blizzard demon (IceCv)
  3 merfolk javelineers
  9 yaktaur captains
  3 deep elf high priests
  5 fire dragons
  4 great orbs of eyes
  4 ettins
  4 ragged hierophants (Desolation)
  A crystal guardian (Desolation)
  A great orb of eyes (shapeshifter) (Depths:3)
  Erolcha (Orc:1)
  5 ice dragons
  2 peacekeepers (Desolation)
  3 hydras
  Harold (Lair:2)
  4 vault guards
  A juggernaut simulacrum (Depths:2)
  4 servants of whispers (Desolation)
  A catoblepas (D:14)
  A spriggan air mage (Depths:4)
  A rakshasa (Vaults:2)
  6 centaur warriors
  A death knight (Vaults:4)
  4 death yaks
  15 two-headed ogres
  10 deep troll shamans
  7 dancing weapons
  A merfolk aquamancer (Shoals:3)
  6 tengu warriors
  4 ogre magi
  3 deep troll earth magi
  An orc high priest (Elf:1)
  12 deep elf knights
  6 spriggan berserkers
  A shadow wraith (Vaults:4)
  2 glowing orange brains
  An unseen horror (D:14)
  A skeletal warrior (D:13)
  2 wizards
  3 flayed ghosts
  11 ironbrand convokers
  2 deep trolls
  4 deep elf archers
  2 orc knights (Orc:2)
  5 harpies
  4 necromancers
  5 orb spiders
  5 wolf spiders
  27 deep elf magi
  An orc sorcerer (Vaults:1)
  11 ugly things
  A mana viper (shapeshifter) (Vaults:5)
  3 fauns
  A cyclops (D:11)
  8 moths of wrath
  4 manticores
  A frost giant skeleton (Vaults:5)
  7 merfolk sirens
  6 guardian serpents (Desolation)
  2 elephants (Lair:6)
  2 ice statues (IceCv)
  An apocalypse crab (Gauntlet)
  9 spiny frogs
  2 torpor snails
  4 vault sentinels
  A gargoyle (D:11)
  3 centaur skeletons
  A molten gargoyle (Desolation)
  A freezing wraith (Vaults:3)
  31 yaktaurs
  A demonic crawler (Spider:4)
  A hellwing (Depths:1)
  14 ice devils (IceCv)
  6 trolls
  2 jumping spiders (Spider:4)
  2 wind drakes
  2 tengu conjurers
  A jumping spider (shapeshifter) (Depths:4)
  4 merfolk
  A meliai (shapeshifter) (Vaults:1)
  Grinder (D:5)
  6 slime creatures
  A tengu simulacrum (Vaults:5)
  2 tyrant leeches (Lair:6)
  36 saltlings (Desolation)
  6 hornets
  5 blink frogs
  2 dream sheep (Lair:5)
  A snapping turtle (Shoals:3)
  3 hippogriffs
  An ettin zombie (Vaults:5)
  An ettin skeleton (Vaults:5)
  2 shadows
  2 spriggans
  3 tarantellas
  2 air elementals
  15 redbacks
  13 yaks
  A hog (shapeshifter) (Vaults:1)
  4 water elementals
  2 fire bats (shapeshifter)
  A hungry ghost (D:11)
  2 wraiths
  A hog (D:15)
  A wyvern (D:12)
  A fire elemental (Depths:2)
  A golden eye (shapeshifter) (Depths:1)
  A basilisk (Lair:4)
  A basilisk (shapeshifter) (Vaults:5)
  A yaktaur simulacrum (Vaults:2)
  8 vampire mosquitoes
  6 wargs
  Edmund (D:5)
  2 soldier ants
  2 hydra simulacra (Depths:2)
  3 water moccasins
  A soldier ant (shapeshifter) (Vaults:1)
  Duvessa (D:4)
  2 porcupines
  A sky beast (shapeshifter) (Vaults:5)
  A black bear (D:8)
  A hornet zombie (D:15)
  6 orc warriors
  5 boggarts
  An ice beast (D:11)
  A necrophage (D:8)
  A phantom (D:6)
  4 sky beasts
  10 ogres
  A wolf (shapeshifter) (Vaults:5)
  An eye of draining (shapeshifter) (Vaults:2)
  18 centaurs
  2 wolves (Lair:1)
  6 crocodiles
  A big kobold (D:7)
  16 bullfrogs
  Dowan (D:4)
  A water moccasin zombie (D:7)
  2 scorpions
  4 killer bees (D:10)
  A wight (D:11)
  4 howler monkeys
  2 electric eels
  5 crimson imps
  2 centaur zombies
  A bullfrog zombie (D:5)
  A bullfrog skeleton (D:5)
  7 hounds
  12 jellies
  5 orc wizards
  A gnoll shaman (D:5)
  5 orc priests
  Ijyb (D:4)
  5 iguanas
  10 worker ants
  A hound zombie (D:8)
  2 hound skeletons (D:7)
  3 worker ant zombies
  5 gnolls
  16 adders
  A river rat (Sewer)
  3 shadow imps
  6 white imps (IceCv)
  3 ufetubi (IceCv)
  5 oozes
  An adder zombie (D:5)
  2 adder skeletons
  6 worms
  2 dart slugs
  3 leopard geckos
  22 orcs
  5 giant cockroaches
  15 goblins
  6 hobgoblins
  7 jackals
  10 kobolds
  4 quokkas
  7 ball pythons
  12 bats
  10 frilled lizards
  A jackal zombie (D:6)
  A leopard gecko zombie (D:7)
  A quokka skeleton (D:7)
  14 rats
  2 crawling corpses (Elf:3)
  5 fungi (D:8)
  5 plants
927 creatures vanquished.

Vanquished Creatures (collateral kills)
  2 orbs of fire (Zot:5)
  2 ancient liches (Zot:5)
  Mennas (Depths:5)
  A juggernaut (Depths:2)
  Bai Suzhen (Vaults:4)
  2 caustic shrikes (Depths:3)
  2 curse toes
  Jory (Vaults:4)
  A golden dragon (Depths:5)
  5 liches
  Jorgrun (D:15)
  11 tentacled monstrosities
  7 Orb Guardians (Zot:5)
  3 deep elf master archers (Elf:3)
  7 titans (Vaults:4)
  A deep elf blademaster (Elf:3)
  A death cob (Zot:3)
  3 quicksilver dragons
  3 sphinxes
  9 tengu reavers
  Kirke (D:15)
  Agnes (D:14)
  13 shadow dragons
  12 storm dragons
  3 draconian monks
  Ilsuiw (Shoals:3)
  2 deep elf sorcerers (Elf:3)
  9 frost giants
  An imperial myrmidon (Desolation)
  7 vault wardens
  4 fire giants
  3 iron dragons
  2 draconian scorchers (Zot:3)
  Aizul (Shoals:3)
  An orc warlord (Orc:1)
  5 emperor scorpions
  A draconian shifter (Zot:5)
  A deep elf elementalist (Elf:3)
  11 ironheart preservers
  5 war gargoyles (Vaults:4)
  21 very ugly things
  17 stone giants
  2 spriggan defenders (Depths:3)
  3 green draconians
  2 deep elf demonologists
  4 black draconians
  An entropy weaver (Vaults:2)
  A vampire knight (Depths:3)
  5 purple draconians
  6 white draconians
  5 yellow draconians
  3 red draconians
  4 deep elf annihilators
  A halazid warlock (Desolation)
  12 ettins
  2 spark wasps
  5 fire dragons
  6 deep elf death magi
  Snorg (D:10)
  5 merfolk javelineers
  Josephine (Orc:2)
  A quicksilver dragon zombie (Vaults:5)
  6 great orbs of eyes
  11 yaktaur captains
  7 merfolk impalers
  2 deep elf high priests
  2 ragged hierophants (Desolation)
  5 servants of whispers (Desolation)
  2 rakshasas
  7 hydras
  A peacekeeper (Desolation)
  13 ice dragons
  35 vault guards
  A catoblepas (Shoals:2)
  2 merfolk aquamancers (Shoals:4)
  A satyr (shapeshifter) (Vaults:4)
  3 centaur warriors
  2 spriggan air magi
  17 dancing weapons
  2 merfolk avatars
  5 ogre magi
  6 tengu warriors
  23 two-headed ogres
  3 death yaks
  2 death knights
  5 spriggan berserkers
  A satyr (Shoals:4)
  A vampire mage (Vaults:3)
  6 deep troll shamans
  6 deep troll earth magi
  An orc high priest (Depths:5)
  Urug (D:13)
  2 hell knights
  5 deep elf knights
  Sonja (Lair:5)
  2 shadow wraiths
  A titan skeleton (Depths:2)
  A small abomination (Elf:3)
  An iron troll (Depths:5)
  3 sea snakes
  A glowing orange brain (shapeshifter) (Depths:3)
  5 skeletal warriors
  A death drake (shapeshifter) (Vaults:4)
  5 glowing orange brains
  3 flayed ghosts
  8 deep elf archers
  22 deep trolls
  7 phantasmal warriors
  A lindwurm (shapeshifter) (Vaults:2)
  9 harpies
  A golden dragon skeleton (Depths:2)
  5 orc knights
  10 ironbrand convokers
  24 deep elf magi
  2 necromancers
  A wizard (Depths:4)
  A harpy (shapeshifter) (Depths:5)
  A lindwurm (Lair:5)
  14 wolf spiders
  8 orb spiders
  40 ugly things
  4 fauns
  A tengu zombie (Vaults:4)
  A mana viper (shapeshifter) (Vaults:4)
  2 tengu skeletons
  A human zombie (Vaults:4)
  2 cyclopes
  A frost giant zombie (Vaults:3)
  An elephant (shapeshifter) (Elf:3)
  5 moths of wrath
  9 manticores
  3 elephants (Lair:6)
  Joseph (D:8)
  Maurice (D:11)
  5 merfolk sirens
  A stone giant skeleton (Vaults:4)
  A black mamba (shapeshifter) (Vaults:3)
  7 vault sentinels
  A smoke demon (Depths:1)
  2 centaur zombies
  A frost giant skeleton (Depths:2)
  3 torpor snails
  A gargoyle (D:11)
  10 spiny frogs
  2 centaur skeletons (D:15)
  4 demonic crawlers
  A yaktaur zombie (Vaults:3)
  3 hellwings (Depths:1)
  5 komodo dragons
  2 red devils (Depths:1)
  38 yaktaurs
  5 freezing wraiths
  8 tengu conjurers
  A human skeleton (Vaults:3)
  3 tyrant leeches (Lair:6)
  2 trolls
  16 jumping spiders
  A polar bear (shapeshifter) (Elf:1)
  A queen bee (shapeshifter) (Vaults:2)
  8 merfolk
  18 hornets
  A harpy skeleton (D:15)
  15 blink frogs
  A polar bear (Lair:5)
  A wind drake (shapeshifter) (Depths:2)
  15 saltlings (Desolation)
  A blink frog (shapeshifter) (Vaults:4)
  7 hippogriffs
  2 dream sheep (Lair:5)
  2 human simulacra
  8 slime creatures
  2 snapping turtles
  A redback (shapeshifter) (Depths:4)
  29 redbacks
  9 spriggans
  3 wyverns
  A yak (shapeshifter) (Vaults:2)
  6 water elementals
  10 tarantellas
  5 wraiths
  A hog (D:15)
  14 yaks
  5 fire elementals
  2 basilisks
  5 vampire mosquitoes
  Menkaure (D:7)
  2 hungry ghosts
  4 wargs
  5 hydra simulacra (Depths:2)
  An acid dragon (D:15)
  8 water moccasins
  2 porcupines
  9 orc warriors
  2 black bears
  An ice beast (D:11)
  4 hell hounds (Depths:1)
  2 phantoms
  2 sky beasts
  13 centaurs
  4 wolves (Lair:1)
  16 ogres
  2 boggarts
  3 crocodiles
  A gnoll sergeant (D:7)
  17 bullfrogs
  A deep troll simulacrum (Vaults:3)
  An earth elemental (Elf:2)
  A wyvern skeleton (D:7)
  A scorpion (D:10)
  A killer bee (D:10)
  An electric eel (Spider:2)
  3 wights (D:11)
  4 howler monkeys
  6 crimson imps
  3 hounds
  6 jellies
  2 orc priests
  4 orc wizards
  3 worker ants
  An iguana (D:8)
  2 hound skeletons
  5 adders (Lair:1)
  2 shadow imps
  3 white imps (IceCv)
  An ufetubus (IceCv)
  An adder zombie (D:6)
  An adder skeleton (D:8)
  A leopard gecko (D:7)
  17 orcs
  A hobgoblin (Orc:1)
  2 jackals (D:10)
  2 kobolds (D:7)
  A leopard gecko skeleton (D:6)
  A quokka zombie (D:8)
  A crawling corpse (Vaults:2)
  6 fungi
  16 plants
1148 creatures vanquished.

Vanquished Creatures (others)
  Saint Roka (Zot:5)
  Urug (Vaults:3)
  11 orc warlords
  A ghost moth (Zot:5)
  12 orc knights
  A merfolk impaler (Shoals:4)
  A centaur warrior (D:15)
  4 orc sorcerers
  A wizard (D:3)
  A yaktaur (D:15)
  A water elemental (Depths:2)
  A yak (D:13)
  21 orc warriors
  3 centaurs
  18 orc priests
  26 orc wizards
  A white imp (IceCv)
  3 ufetubi (IceCv)
  A leopard gecko (D:2)
  59 orcs
  A bat (D:2)
  2 quokkas (D:8)
  A bush (Lair:5)
  7 fungi
  44 plants
223 creatures vanquished.

Grand Total: 2298 creatures vanquished

Notes
Turn   | Place    | Note
-------+----------+-------------------------------------------
     0 | D:1      | Illumine the Hill Orc Fighter began the quest for the Orb.
     0 | D:1      | Reached XP level 1. HP: 19/19 MP: 1/1
   166 | D:1      | Reached XP level 2. HP: 25/27 MP: 2/2
   201 | D:2      | Became a worshipper of Beogh the Brigand
   439 | D:1      | Reached XP level 3. HP: 33/33 MP: 3/3
   738 | D:2      | Reached * piety under Beogh
   783 | D:2      | Reached skill level 1 in Invocations
   783 | D:2      | Reached XP level 4. HP: 32/40 MP: 4/4
   794 | D:2      | HP: 2/40 [orc priest/+0 club (3)]
   800 | D:2      | Reached XP level 5. HP: 3/47 MP: 6/6
  1117 | D:2      | Found a sparkling altar of Nemelex Xobeh.
  1746 | D:3      | Reached skill level 5 in Axes
  1824 | D:3      | Reached XP level 6. HP: 42/53 MP: 7/7
  1838 | D:3      | Reached ** piety under Beogh
  2311 | D:3      | Found a bloodstained altar of Trog.
  2312 | D:3      | Noticed a wizard
  2318 | D:3      | Killed a wizard
  2731 | D:4      | Reached skill level 1 in Throwing
  2818 | D:4      | Reached skill level 5 in Fighting
  2818 | D:4      | Reached XP level 7. HP: 48/61 MP: 9/9
  2833 | D:4      | Found a stormy altar of Qazlal.
  2833 | D:4      | Noticed Duvessa
  2833 | D:4      | Noticed Dowan
  2870 | D:4      | Killed Duvessa
  2880 | D:4      | Killed Dowan
  2950 | D:4      | Found a glowing drain.
  2959 | Sewer    | Entered a sewer
  3054 | Sewer    | Reached *** piety under Beogh
  3296 | D:4      | Found Ugoakloh's Weapon Shop.
  3299 | D:4      | Bought a +1 broad axe of freezing for 142 gold pieces
  3322 | D:4      | Reached skill level 5 in Shields
  3656 | D:4      | Found a hazy altar of Hepliaklqana.
  3656 | D:4      | Found a faded altar of an unknown god.
  3661 | D:4      | Found a shimmering altar of Xom.
  3663 | D:4      | Found a radiant altar of Vehumet.
  3664 | D:4      | Found a hide-covered altar of Uskayaw.
  3723 | D:4      | Reached skill level 5 in Armour
  3723 | D:4      | Reached XP level 8. HP: 69/69 MP: 11/11
  3852 | D:5      | Entered Level 5 of the Dungeon
  3859 | D:5      | Noticed Ijyb
  3862 | D:5      | Noticed Grinder
  3877 | D:4      | Killed Ijyb
  3984 | D:5      | Noticed Edmund
  4015 | D:5      | Killed Edmund
  4133 | D:5      | Found a transporter.
  4133 | D:5      | Found a transporter.
  4133 | D:5      | Noticed dragonknight44's ghost (novice GnWz)
  4293 | D:5      | Reached **** piety under Beogh
  4303 | D:5      | Killed Grinder
  4303 | D:5      | Reached skill level 5 in Invocations
  4720 | D:6      | Found a transporter.
  4724 | D:6      | Found a transporter.
  4732 | D:6      | Noticed a hornet
  4735 | D:6      | Reached XP level 9. HP: 73/78 MP: 13/13
  4735 | D:6      | Noticed Caerwyn's ghost (novice OgTm)
  4916 | D:6      | Got an iridescent trident
  4917 | D:6      | Identified the +9 trident "Wig Caes" {venom, *Corrode
                  | Dex+4} (You found it on level 6 of the Dungeon)
  5039 | D:6      | Found an iron altar of Okawaru.
  5596 | D:7      | Noticed Menkaure
  5601 | D:7      | Killed Menkaure
  5881 | D:7      | Reached skill level 1 in Dodging
  5909 | D:7      | Identified the +0 leather armour "Xucynn" {Slay+2} (You
                  | found it on level 7 of the Dungeon)
  6106 | D:7      | Got a transparent long sword
  6216 | D:7      | Reached skill level 10 in Axes
  6247 | D:7      | Reached ***** piety under Beogh
  6344 | D:7      | Reached XP level 10. HP: 86/86 MP: 15/15
  6415 | D:7      | Gained Hawl as an ally
  6511 | D:7      | Found a staircase to the Ecumenical Temple.
  6732 | D:7      | Found a shattered altar of Ashenzari.
  7175 | D:8      | Found a shimmering blue altar of Sif Muna.
  7221 | D:8      | Found a staircase to the Lair.
  7268 | D:8      | Found a sparkling altar of Nemelex Xobeh.
  7670 | D:8      | Found a white marble altar of Elyvilon.
  7696 | D:8      | Noticed Joseph
  7702 | D:8      | Killed Joseph
  8302 | Lair:1   | Entered Level 1 of the Lair of Beasts
  9170 | Lair:2   | Noticed Harold
  9176 | Lair:2   | Noticed a four-headed hydra
  9186 | Lair:2   | Killed a four-headed hydra
  9186 | Lair:2   | Reached XP level 11. HP: 65/95 MP: 17/17
  9187 | Lair:2   | Killed Harold
 10073 | Lair:3   | Found a hole to the Spider Nest.
 10521 | Lair:3   | Identified the +7 long sword of Moral Flaws {flame, *Noise
                  | MP+9 Int+2 Dex+5} (You found it on level 7 of the Dungeon)
 10871 | Lair:4   | Noticed a manticore
 10872 | Lair:4   | Found a staircase to the Shoals.
 10877 | Lair:4   | Killed a manticore
 11456 | Lair:5   | Noticed an eight-headed hydra
 11462 | Lair:5   | Killed an eight-headed hydra
 11463 | Lair:5   | Gained Ugbert as an ally
 11515 | Lair:5   | Noticed a lindwurm
 11522 | Lair:5   | Killed a lindwurm
 11774 | Lair:5   | Found a staircase to the Slime Pits.
 11780 | Lair:5   | Reached XP level 12. HP: 100/106 MP: 19/19
 11787 | Lair:5   | Reached ****** piety under Beogh
 12093 | Lair:5   | Noticed a four-headed hydra
 12099 | Lair:5   | Killed a four-headed hydra
 12204 | Lair:5   | Noticed Sonja
 12210 | Lair:5   | Killed Sonja
 12210 | Lair:5   | Reached skill level 10 in Fighting
 12418 | Lair:5   | Reached skill level 5 in Dodging
 12547 | Lair:5   | You fall into a shaft and drop 1 floor!
 12547 | Lair:6   | Entered Level 6 of the Lair of Beasts
 12553 | Lair:6   | Noticed a death yak
 12554 | Lair:6   | Noticed a death yak
 12556 | Lair:6   | Noticed a six-headed hydra
 12557 | Lair:6   | Noticed a death yak
 12558 | Lair:6   | Noticed a death yak
 12559 | Lair:6   | Reached skill level 10 in Invocations
 12566 | Lair:6   | Killed a death yak
 12571 | Lair:6   | Killed a death yak
 12572 | Lair:6   | Killed a death yak
 12580 | Lair:6   | Killed a six-headed hydra
 12581 | Lair:6   | Killed a death yak
 12581 | Lair:6   | Your ally Hawl died
 12582 | Lair:6   | Your ally Ugbert died
 12586 | Lair:6   | Gained Orik as an ally
 12596 | Lair:6   | Reached skill level 5 in Throwing
 12795 | Lair:6   | Reached XP level 13. HP: 60/114 MP: 21/21
 12838 | Lair:6   | Reached skill level 10 in Armour
 12997 | Lair:6   | Reached skill level 10 in Shields
 13627 | Lair:6   | Found the amulet of the Four Winds {rN+ MR+++ Clar}
 14793 | D:10     | Entered Level 10 of the Dungeon
 14939 | D:10     | Noticed Snorg
 14947 | D:10     | Killed Snorg
 15969 | D:11     | Found a staircase to the Orcish Mines.
 16009 | D:11     | Found a gate leading to a gauntlet.
 16019 | Gauntlet | Entered a Gauntlet
 16019 | Gauntlet | Found a transporter.
 16030 | Gauntlet | Found a transporter.
 16032 | Gauntlet | Found a transporter.
 16041 | Gauntlet | Found a transporter.
 16056 | Gauntlet | Found a transporter.
 16101 | Gauntlet | Found a transporter.
 16103 | Gauntlet | Found a transporter.
 16114 | Gauntlet | Found a transporter.
 16155 | Gauntlet | Found a transporter.
 16156 | Gauntlet | Got a pair of blackened gloves
 16167 | Gauntlet | Identified the +4 pair of gloves of the Oligarchy {rCorr
                  | Dex-5 Stlth+} (You found it in a Gauntlet)
 16233 | Gauntlet | Found a transporter.
 16289 | Gauntlet | Found a transporter.
 16309 | Gauntlet | Got a spiked hat
 16320 | Gauntlet | Identified the +2 hat "Wyryume" {Int+2} (You found it in a
                  | Gauntlet)
 16321 | Gauntlet | Found a transporter.
 16384 | Gauntlet | Identified the ring "Luesol" {rElec rN+ Str+3}
 16384 | Gauntlet | Noticed a minotaur
 16388 | Gauntlet | Killed a minotaur
 16396 | Gauntlet | Identified Icasuyth's Compendium of Creative Beguiling
 16397 | Gauntlet | Found the +10 Black Knight's horse barding {ponderous,
                  | rPois rN+}
 16400 | Gauntlet | Got a scorched steel ring
 16402 | Gauntlet | Identified the ring of the Death Scarab {Wiz Str+3} (You
                  | found it in a Gauntlet)
 16476 | Orc:1    | Entered Level 1 of the Orcish Mines
 16476 | Orc:1    | Noticed Erolcha
 16491 | Orc:1    | Killed Erolcha
 16724 | Orc:1    | Found a bloodstained altar of Trog.
 16819 | Orc:1    | Found Aciph's Book Shoppe.
 16827 | Orc:1    | Noticed an orc warlord
 16984 | D:12     | Found a transporter.
 16986 | D:12     | Found a transporter.
 16987 | D:12     | Noticed Didditsa's ghost (journeyman DrIE)
 17120 | D:12     | Found the amulet of Vitality {Regen+ HP+15}
 17232 | D:12     | Reached XP level 14. HP: 125/125 MP: 22/22
 17402 | D:12     | Gained Bogrim as an ally
 17829 | D:13     | Gained Spirok as an ally
 17835 | D:13     | Gained Korbok as an ally
 18031 | D:13     | Noticed Urug
 18041 | D:13     | Killed Urug
 18049 | D:13     | Your ally Korbok died
 18361 | D:14     | Found a shimmering blue altar of Sif Muna.
 18613 | D:14     | Found a gate to the Vaults.
 18940 | D:14     | Noticed Agnes
 18949 | D:14     | Killed Agnes
 19531 | D:15     | Entered Level 15 of the Dungeon
 19562 | D:15     | Noticed Kirke
 19569 | D:15     | Killed Kirke
 19656 | D:15     | Noticed Jorgrun
 19663 | D:15     | Killed Jorgrun
 19681 | D:15     | Found a staircase to the Depths.
 20151 | D:15     | Found a shadowy altar of Dithmenos.
 20483 | D:15     | Reached XP level 15. HP: 134/134 MP: 24/24
 20697 | D:11     | Noticed Maurice
 20703 | D:11     | Killed Maurice
 20871 | Shoals:1 | Entered Level 1 of the Shoals
 21898 | Shoals:3 | Noticed Aizul
 21905 | Shoals:3 | Killed Aizul
 21914 | Shoals:4 | Entered Level 4 of the Shoals
 21980 | Shoals:4 | Your ally Orik died
 22001 | Shoals:4 | Got a barnacled rune of Zot
 22570 | Shoals:4 | Gained Bolgrim as an ally
 22775 | Shoals:4 | Your ally Bolgrim died
 22780 | Shoals:4 | Your ally Spirok died
 22853 | Shoals:3 | Gained Oruk as an ally
 23284 | Shoals:3 | Reached skill level 15 in Axes
 23741 | Shoals:3 | Noticed Ilsuiw
 23779 | Shoals:3 | Killed Ilsuiw
 24080 | Shoals:2 | Found Catety's Weapon Shoppe.
 24085 | Shoals:2 | Noticed Polyphemus
 24103 | Shoals:2 | Killed Polyphemus
 24103 | Shoals:2 | Reached XP level 16. HP: 54/144 MP: 19/26
 24520 | Spider:1 | Entered Level 1 of the Spider Nest
 25035 | Orc:2    | Entered Level 2 of the Orcish Mines
 25049 | Orc:2    | Noticed Josephine
 25057 | Orc:2    | Killed Josephine
 25748 | Vaults:1 | Entered Level 1 of the Vaults
 28366 | Vaults:1 | Found a portal to a secret trove of treasure.
 28681 | Vaults:2 | Reached XP level 17. HP: 137/152 MP: 27/27
 30210 | Vaults:2 | Reached skill level 15 in Invocations
 30908 | Vaults:3 | Noticed an Ice Fiend
 30915 | Vaults:3 | Your ally died
 30916 | Vaults:3 | Noticed a Brimstone Fiend
 30929 | Vaults:3 | Reached skill level 10 in Throwing
 31374 | Vaults:3 | Gained Nordag as an ally
 31386 | Vaults:3 | Reached XP level 18. HP: 81/162 MP: 29/29
 31393 | Vaults:3 | Gained Oreg as an ally
 31416 | Vaults:3 | Identified the +6 halberd of Jujodule {vorpal, rF+ rC-
                  | Dex+2}
 31420 | Vaults:3 | Noticed a tentacled monstrosity
 31420 | Vaults:3 | Noticed a tentacled monstrosity
 31421 | Vaults:3 | HP: 8/162 [phantasmal warrior (16)]
 31421 | Vaults:3 | HP: 3/162 [death knight/+4 halberd (5)]
 31427 | Vaults:3 | HP: 7/162 [tentacled monstrosity (2)]
 31428 | Vaults:3 | Killed a tentacled monstrosity
 31430 | Vaults:3 | Killed a tentacled monstrosity
 31434 | Vaults:3 | Gained Bogdar as an ally
 31456 | Vaults:3 | Found a ruined gateway.
 31465 | Desolati | Entered the Desolation of Salt
 32066 | Desolati | Reached skill level 15 in Fighting
 32140 | Desolati | Gained Bogdar as an ally
 32502 | Desolati | Identified the Reference Book on Transmutation and
                  | Protection
 32527 | Desolati | Identified the Catalogue of the Hierophant
 32575 | Desolati | Reached skill level 10 in Dodging
 32584 | Desolati | Reached skill level 15 in Shields
 32593 | Desolati | Your ally Bogdar died
 32605 | Desolati | Gained Boderik as an ally
 32623 | Desolati | Got a steaming wooden ring
 32665 | Desolati | Identified Sif Muna's Compendium of Dislocated Fire
 32962 | Desolati | Got a warped great sword
 33137 | Desolati | Identified the ring of Qitaw {rPois Str+3 Int+2 Stlth+}
 33743 | Vaults:3 | Found a runed translucent gate.
 33743 | Vaults:3 | Found a runed translucent gate.
 33743 | Vaults:3 | Found a runed translucent gate.
 33744 | Vaults:3 | Noticed a tentacled monstrosity
 33748 | Vaults:3 | Noticed a tentacled monstrosity
 33755 | Vaults:3 | Killed a tentacled monstrosity
 33761 | Vaults:3 | HP: 3/163 [Boderik the orc knight/the +6 halberd of
                  | Jujodule {vorpal, rF+ rC- Dex+2}[the player character] (6)]
 33765 | Vaults:3 | Killed a tentacled monstrosity
 33768 | Vaults:3 | Found a runed translucent gate.
 33768 | Vaults:3 | Found a runed translucent gate.
 33771 | Vaults:3 | Noticed Leiwk's ghost (veteran FoEE)
 33786 | Vaults:3 | Found a runed translucent gate.
 33801 | Vaults:3 | Your ally Oruk died
 34276 | Vaults:3 | Identified the ring of Maeryun {*Slow rF+ rN+ Int+2} (You
                  | found it in the Desolation of Salt)
 34672 | Vaults:3 | Identified the cursed +2 great sword of Stickiness {venom,
                  | rElec Dex+3} (You found it in the Desolation of Salt)
 35058 | Vaults:3 | Found a staircase to the Crypt.
 35480 | Vaults:4 | Noticed Jory
 35489 | Vaults:4 | Reached XP level 19. HP: 170/170 MP: 27/31
 35496 | Vaults:4 | Killed Jory
 35496 | Vaults:4 | Gained Garbold as an ally
 36193 | Vaults:4 | Got a warped mace
 36485 | Vaults:4 | Noticed Bai Suzhen
 36494 | Vaults:4 | Killed Bai Suzhen
 37153 | Orc:2    | Found a roughly hewn altar of Beogh.
 37404 | Orc:2    | Found a roughly hewn altar of Beogh.
 37422 | Orc:2    | Found a roughly hewn altar of Beogh.
 37423 | Orc:2    | Found Uxeenufot's Distillery.
 37473 | Orc:2    | Found a staircase to the Elven Halls.
 37486 | Orc:2    | Found a roughly hewn altar of Beogh.
 37491 | Orc:2    | Found Rimeyqoc's Weapon Shoppe.
 37618 | Orc:2    | Noticed Saint Roka
 37622 | Orc:2    | Found Toale's Antique Armour Shoppe.
 37622 | Orc:2    | Found a roughly hewn altar of Beogh.
 37627 | Orc:2    | Found Syramup's Antique Weapon Emporium.
 37634 | Orc:2    | Killed Saint Roka
 37692 | Orc:2    | Bought an ichor-stained cloak for 228 gold pieces
 37702 | Orc:2    | Identified the +2 cloak of Negligence {MR- rCorr Int+3}
                  | (You bought it in a shop on level 2 of the Orcish Mines)
 37783 | Elf:1    | Entered Level 1 of the Elven Halls
 37830 | Elf:1    | Reached skill level 15 in Armour
 38008 | Elf:1    | Got a pair of crude boots
 38014 | Elf:1    | Identified the +1 pair of boots "Locul" {Int+4} (You found
                  | it on level 1 of the Elven Halls)
 38734 | Elf:2    | Found a runed translucent gate.
 38734 | Elf:2    | Found a runed translucent gate.
 38734 | Elf:2    | Found a runed translucent gate.
 38761 | Elf:2    | Gained Morun as an ally
 38954 | Elf:2    | Reached XP level 20. HP: 140/182 MP: 32/32
 39255 | Elf:2    | Gained Wulfoc as an ally
 39488 | Elf:2    | Found Kaodon's Gadget Shoppe.
 39521 | Elf:2    | Identified the +3 mace "Ogrebane" {vamp, rF+ rN+ Int+2}
                  | (You found it on level 4 of the Vaults)
 39543 | Elf:2    | Found Usch's Gadget Shop.
 39543 | Elf:2    | Found Zeuded's Jewellery Shoppe.
 39544 | Elf:2    | Found Leaxul's Gadget Shop.
 39558 | Elf:2    | Bought the ring "Suwn" {rC+ Dex+2 SInv} for 565 gold pieces
 39581 | Elf:3    | Entered Level 3 of the Elven Halls
 39702 | Elf:3    | Upgraded the game from 0.25-a0-861-g340c9e8 to
                  | 0.25-a0-869-g05d4e06
 40203 | Elf:3    | Noticed a Tzitzimitl
 40767 | Elf:3    | Identified the +8 trident "Vusio" {vorpal, *Noise rC+ Int+5
                  | Dex+2}
 40767 | Elf:3    | Identified the +8 flail of the Reaper {elec, rF+ rN+ Dex+4}
 40767 | Elf:3    | Identified the +6 scale mail of the Apprentice {rPois rN+
                  | MP-9}
 40767 | Elf:3    | Identified the ring of Zorchis {rElec rF+ Int+3}
 40823 | Elf:3    | Identified the ring "Ompid" {Fire rElec rPois Str-4}
 40824 | Elf:3    | Found the ring of Shadows {Umbra +Inv Stlth+}
 40829 | Elf:3    | Found the amulet of the Air {Inacc +Fly rElec EV+5 RMsl}
 40901 | Elf:3    | Identified the ring of the Lumpy Wonders {rPois rF+ MR+
                  | rCorr} (You found it on level 3 of the Elven Halls)
 40963 | Elf:3    | Identified the Incunabulum of the Hidden Spreadsheets
 41035 | Elf:3    | Found Vophulia's General Store.
 41043 | Elf:3    | Bought a scroll of identify for 26 gold pieces
 41664 | Spider:1 | Reached skill level 1 in Maces & Flails
 41775 | Spider:3 | Found a frozen archway.
 41800 | IceCv    | Entered an ice cave
 41913 | IceCv    | Gained Rocco as an ally
 41926 | IceCv    | Gained Gorbash as an ally
 41930 | IceCv    | Your ally Gorbash died
 41943 | IceCv    | Your ally Rocco died
 42240 | IceCv    | Gained Gorm as an ally
 42301 | IceCv    | Got a pitted silver ring
 42403 | Spider:3 | Got a dazzling chain mail
 42530 | Spider:4 | Entered Level 4 of the Spider Nest
 43132 | Spider:4 | Gained Marbork as an ally
 43414 | Spider:4 | Got a gossamer rune of Zot
 43424 | Spider:4 | Identified the cursed +0 chain mail "Fyaxzuib" {rElec rPois
                  | rF++ MR+} (You found it on level 3 of the Spider Nest)
 43482 | Spider:4 | Reached XP level 21. HP: 193/193 MP: 29/33
 43843 | Depths:1 | Entered Level 1 of the Depths
 43892 | Depths:1 | Found a gateway to Hell.
 44628 | Depths:1 | Identified the ring of Etwur {rF+ rN++ MP+9 Int+3 Dex+2}
                  | (You found it in an ice cave)
 44700 | Depths:2 | Found a one-way gate to the infinite horrors of the Abyss.
 44770 | Depths:2 | Reached skill level 5 in Maces & Flails
 45176 | Depths:2 | Your ally Wulfoc died
 45213 | Depths:2 | Noticed a juggernaut
 45223 | Depths:2 | Killed a juggernaut
 45791 | Depths:3 | Found a one-way gate leading to the halls of Pandemonium.
 45893 | Depths:3 | Found a stormy altar of Qazlal.
 45893 | Depths:3 | Found a glowing silver altar of Zin.
 45894 | Depths:3 | Found a hide-covered altar of Uskayaw.
 46346 | Depths:3 | Identified the +6 great mace of Acsexaani {drain, *Rage
                  | Int+6 Stlth-} (You found it on level 3 of the Depths)
 46350 | Depths:3 | Identified the +10 whip "Vauluos" {vorpal, *Contam Str+7}
                  | (You found it on level 3 of the Depths)
 46921 | Depths:3 | Reached XP level 22. HP: 132/203 MP: 35/35
 46938 | Depths:3 | Noticed a caustic shrike
 46942 | Depths:3 | Killed a caustic shrike
 46945 | Depths:3 | Noticed a caustic shrike
 46952 | Depths:3 | Killed a caustic shrike
 47214 | Depths:3 | Got a faintly glowing robe
 47215 | Depths:3 | Identified the +1 robe of Etridos {Str-3 Dex+9} (You found
                  | it on level 3 of the Depths)
 47523 | Depths:3 | You fall into a shaft and drop 2 floors!
 47523 | Depths:5 | Entered Level 5 of the Depths
 47597 | Depths:5 | Noticed a golden dragon
 47604 | Depths:5 | Killed a golden dragon
 47995 | Depths:5 | Found a gate to the Realm of Zot.
 48006 | Depths:5 | Your ally Gorm died
 48411 | Depths:5 | Noticed Mennas
 48433 | Depths:5 | Killed Mennas
 48435 | Depths:5 | Your ally Bogdar died
 49265 | Depths:4 | Found a shimmering altar of Xom.
 49595 | Depths:4 | Reached skill level 10 in Maces & Flails
 50272 | Depths:4 | Reached XP level 23. HP: 175/211 MP: 36/36
 50372 | Depths:4 | Noticed a juggernaut
 50389 | Depths:4 | Killed a juggernaut
 50683 | Depths:4 | Found the +3 crown of Dyrovepreva {rElec Int+2 SInv}
 51330 | Vaults:5 | Entered Level 5 of the Vaults
 51339 | Vaults:4 | Your ally Marbork died
 51629 | Vaults:4 | Gained Harm as an ally
 52230 | Vaults:5 | HP: 9/213 [war gargoyle/spray of metal splinters (28)]
 53406 | Vaults:5 | Noticed a golden dragon
 53438 | Vaults:5 | Killed a golden dragon
 54391 | Vaults:5 | Reached XP level 24. HP: 222/222 MP: 37/37
 54410 | Vaults:5 | Identified the +7 chain mail of Qicw {-Tele Str+3 Int+3
                  | Dex+4}
 54478 | Vaults:5 | Identified Sif Muna's Handbook of Cold
 54503 | Vaults:5 | Identified the Volume of Transformation
 54845 | Vaults:5 | Found the +8 demon trident "Rift" {distort, reach+}
 54862 | Vaults:5 | Identified the +9 flail of Summer {freeze, Str+4} (You
                  | found it on level 5 of the Vaults)
 55165 | Vaults:5 | Gained Wargath as an ally
 55166 | Vaults:5 | Your ally Wargath died
 55189 | Vaults:5 | Gained Bladwarg as an ally
 55333 | Vaults:5 | Got a silver rune of Zot
 55475 | Vaults:5 | Identified the cursed +1 ring mail of Pudipan {rN+ MP-9
                  | Str-2 Dex+6} (You found it on level 5 of the Vaults)
 55525 | Vaults:5 | Identified the +5 hand crossbow of Wonn {penet, rC+ Str+6
                  | Int+4} (You found it on level 5 of the Vaults)
 55755 | Vaults:5 | Identified the +9 mace of Ociz {vorpal, +Blink rPois Int+9}
                  | (You found it on level 5 of the Vaults)
 56201 | Zot:1    | Entered Level 1 of the Realm of Zot
 56338 | Zot:3    | Gained Morguth as an ally
 56873 | Zot:4    | Noticed a curse toe
 56876 | Zot:4    | Killed a curse toe
 56933 | Zot:5    | Entered Level 5 of the Realm of Zot
 57016 | Zot:5    | Your ally Bogdar died
 57482 | Zot:5    | Noticed an ancient lich
 57487 | Zot:5    | Killed an ancient lich
 57494 | Zot:5    | Noticed an orb of fire
 57496 | Zot:5    | Noticed an ancient lich
 57503 | Zot:5    | Gained mutation: You tend to lose your temper in combat.
                  | [an orb of fire]
 57503 | Zot:5    | Noticed a curse toe
 57505 | Zot:5    | Your ally Boderik died
 57511 | Zot:5    | Noticed a curse toe
 57511 | Zot:5    | Your ally Bogrim died
 57512 | Zot:5    | Killed an orb of fire
 57519 | Zot:5    | Killed an ancient lich
 57522 | Zot:5    | Noticed an ancient lich
 57526 | Zot:5    | Killed a curse toe
 57530 | Zot:5    | Killed an ancient lich
 57537 | Zot:5    | Noticed an ancient lich
 57537 | Zot:5    | Noticed an orb of fire
 57537 | Zot:5    | Noticed an orb of fire
 57545 | Zot:5    | Killed an ancient lich
 57545 | Zot:5    | Your ally died
 57545 | Zot:5    | Your ally Bladwarg died
 57547 | Zot:5    | Your ally Morun died
 57549 | Zot:5    | Your ally Morguth died
 57552 | Zot:5    | Your ally Garbold died
 57556 | Zot:5    | Gained mutation: You are frail. (-10% HP) [an orb of fire]
 57561 | Zot:5    | Killed an orb of fire
 57562 | Zot:5    | Noticed an orb of fire
 57573 | Zot:5    | Killed an orb of fire
 57579 | Zot:5    | Your ally Harm died
 57579 | Zot:5    | Your ally Oreg died
 57581 | Zot:5    | Your ally Nordag died
 57584 | Zot:5    | Gained mutation: You are dopey. (Int -2) [an orb of fire]
 57586 | Zot:5    | HP: 8/201 [electric golem (5)]
 57589 | Zot:5    | HP: 1/201 [orb of fire/bolt of fire (10)]
 57590 | Zot:5    | Killed from afar by an electric golem

Levels and vault maps discovered:
D:1:      giann_bridges, layout_rooms, minmay_tall_x
D:2:      layout_loops_ring, lemuel_round_altar, first_ration
D:3:      layout_loops_ring, trog_wizard
D:4:      layout_rooms, grunt_qazlal_sundering,
          chequers_temple_overflow_minitemple, serial_shops, kennysheep_mini,
          portal_sewer_entry_d, minmay_misc_feat_rows, uniq_duvessa
D:5:      layout_loops_ring, gammafunk_ghost_hive, uniq_edmund, uniq_grinder,
          uniq_ijyb, uniq_crazy_yiuf_cottage
D:6:      layout_cave_pods, okawaru_trees_1, gammafunk_ghost_hive,
          kennysheep_generic_room_5
D:7:      minmay_the_grid_octo_tiled_octocenter [minmay_the_grid_octo_chip,
          minmay_the_grid_octo_odd_swirl, minmay_the_grid_octo_clover,
          minmay_the_grid_octo_empty,
          minmay_the_grid_octo_prize_ultimate_mussel_roller,
          minmay_the_grid_square_5x5_meh, minmay_the_grid_square_5x5_empty,
          minmay_the_grid_square_5x5_almost_minimal,
          minmay_the_grid_square_5x5_three], layout_cave_pods,
          ashenzari_altar_1, temple_doors_e, the_bakery, uniq_menkaure
D:8:      layout_basic, led_sif_book, elyvilon_altar_4, dpeg_oklobed_lair,
          corexii_hall_statues_l, nemelex_spade_bored_becter, uniq_joseph
D:9:      layout_irregular_city
D:10:     layout_gridville, eino_small_chamber_without_monster,
          hangedman_decor_opposing, minmay_diced_spiral, uniq_snorg
D:11:     layout_loops_ring, orc_0_dummy, gauntlet_entry_generic,
          minmay_mirror_moons_of_madness, uniq_maurice
D:12:     layout_gridville, gammafunk_ghost_smash
D:13:     layout_cave_pools, lemuel_statue_altar, uniq_urug
D:14:     lemuel_flame_loot_2, layout_stronghold, erik_vaults_1, basic_altar,
          uniq_agnes
D:15:     hangedman_depths_entry_civil_slaughter, layout_long_grid, basic_altar,
          uniq_kirke, uniq_jorgrun
Lair:1:   wander_river, layout_chaotic_city, serial_bayou_pond_d,
          cheibrodos_lair_reptile_den
Lair:2:   layout_regular_city, infiniplex_staircase_pool, grunt_megastairs_5,
          uniq_harold
Lair:3:   layout_roguey, dummy_spider_entry, serial_bayou_shore_a
Lair:4:   layout_hall_layers, minmay_shoals_entry_beasts
Lair:5:   layout_loops_ring, minmay_slime_entry_jelly_boxes,
          grunt_forest_small_clearings, beast_lair_carwin_7, lemuel_fruit_tree,
          uniq_sonja
Lair:6:   minmay_lair_end_frog_pond, layout_misc_corridors
Shoals:1: cheibrodos_shoals_roost, layout_shoals, centaur_isle
Shoals:2: layout_shoals, serial_shops, shop, nicolae_shoals_isolated_beach,
          uniq_polyphemus
Shoals:3: layout_shoals, nicolae_shoals_flooded_hall, uniq_roxanne, uniq_aizul,
          uniq_ilsuiw
Shoals:4: shoals_end_hangedman, layout_shoals
Spider:1: layout_spider_delve
Spider:2: layout_spider_delve
Spider:3: layout_spider_delve, portal_ice_cave_entry_pillars_2, uniq_arachne
Spider:4: spider_rune_water, nicolae_spider_shape
Orc:1:    layout_diamond_mine, serial_shops, nicolae_shop_waterfront,
          trog_hazing_becter, uniq_erolcha
Orc:2:    grunt_orc_community_town_hall, layout_caves,
          grunt_orc_community_big_house_2, grunt_orc_community_big_house_1,
          grunt_orc_community_house_2, grunt_orc_community_house_2,
          grunt_orc_community_house_2, grunt_orc_community_house_3,
          grunt_orc_community_house_2, uniq_josephine
Elf:1:    layout_gridlike, kennysheep_underground_church, st_stairs_4
Elf:2:    layout_geoelf_grid, serial_shops, shop, minmay_shop_grove
Elf:3:    minmay_elf_hall_furrowed, layout_onion_city, serial_shops,
          nicolae_shop_trees, uniq_saint_roka
Vaults:1: nicolae_vaults_shelves_hall, v_misc_17, v_misc_26, vaults_dpeg_hooks,
          grunt_vaults_trifunnel, nicolae_vaults_little_squares_4,
          hangedman_vaults_restitches, vaults_dpeg_ring, layout_vaults_big_room,
          trove_entry_hex_spiral, uniq_donald
Vaults:2: hangedman_vaults_stagger, vaults_mumra_minichess,
          hangedman_vaults_maws, vaults_room_fancy_cross, v_misc_26,
          nicolae_vaults_asterisk, layout_vaults_omnigrid
Vaults:3: ploomutoo_gammafunk_vaults_ghost_potion_laboratory,
          nicolae_vaults_network_s, vaults_room_guarded_vault,
          ontoclasm_vaults_idyll, v_misc_28, nicolae_vaults_yaktaur_gun_rack,
          vaults_room_grid, hangedman_vaults_capsules, nicolae_vaults_alarming,
          nicolae_vaults_little_squares_6, v_misc_15,
          minmay_crypt_entry_simple_round, nicolae_vaults_little_squares_3,
          layout_vaults_omnicross, portal_desolation_entry_nicolae_slug
Vaults:4: ontoclasm_vaults_shuriken, ontoclasm_vaults_gateway,
          ontoclasm_vaults_twist, v_misc_10, v_misc_11, v_rooms_2,
          vaults_room_stairs_pillars, vaults_room_octagon, grunt_vaults_twisty,
          v_misc_1, nicolae_vaults_network_periphery, ontoclasm_vaults_shout,
          layout_vaults_maze_snakey, uniq_jory, uniq_bai_suzhen
Vaults:5: serial_shops
Depths:1: layout_cave_shapes, enter_ziggurat_b, hellmouth_3,
          kennysheep_another_room, kennysheep_minor_cross,
          kennysheep_generic_room_10, minmay_shop_star, serial_bayou_shore_b,
          uniq_enchantress
Depths:2: cheibrodos_hall_of_evolution, layout_cave_shapes, hell_entry,
          rand_demon_pan_entry_4, solitary_fountain, abyss_entry,
          kennysheep_crisscross, wad_rectangle_vault
Depths:3: hangedman_slaughterboxes, hell_entry, serial_shops, pan_entry
Depths:4: kennysheep_snake, layout_cave_pools, hangedman_decor_peaks_small,
          hell_entry, abyss_entry, xom_teletrap_fun
Depths:5: evilmike_zot_entry_basic, layout_basic, hell_entry,
          hangedman_abyss_or_decor_jellyfish_corner, uniq_mennas
Zot:1:    layout_onion
Zot:2:    layout_onion_interference
Zot:3:    layout_basic
Zot:4:    layout_misc_corridors, skrybe_zot_glass_2
Zot:5:    layout_concentric_octagons

Skill      XL: |  1  2  3  4  5  6  7  8  9 10 11 12 13 14 15 16 17 18 19 20 21 22 23 24 |
---------------+-------------------------------------------------------------------------+-----
Axes           | 3 4 5 7 8 10 11 12 13 14 15 16 17 18 | 18.0
Fighting       | 4 5 6 7 8 9 10 11 12 13 14 15 16 17 18 19 20 | 20.2
Invocations    | 1 2 3 4 5 6 8 9 10 11 12 13 14 15 16 17 18 19 20 | 20.8
Shields        | 4 5 6 8 9 10 11 12 13 14 15 16 17 18 19 | 19.0
Armour         | 4 5 6 8 9 10 11 12 13 14 15 16 17 18 | 18.3
Throwing       | 1 2 3 5 6 7 8 9 10 11 12 13 | 13.0
Dodging        | 1 3 4 5 6 7 8 9 10 11 12 13 14 | 14.0
Maces & Flails | 3 7 10 | 10.2

Action                   |  1- 3 |  4- 6 |  7- 9 | 10-12 | 13-15 | 16-18 | 19-21 | 22-24 || total
-------------------------+-------+-------+-------+-------+-------+-------+-------+-------++-------
Melee: War axe           |   126 |    25 |       |       |       |       |       |       ||   151
       Mace              |       |   190 |    90 |       |       |       |       |       ||   280
       Broad axe         |       |       |   240 |   269 |   704 |   706 |   426 |       ||  2345
       Flail             |       |       |       |       |       |       |   603 |   774 ||  1377
Throw: Boomerang         |       |     5 |     5 |    23 |    32 |    52 |    87 |    91 ||   295
Invok: Convert to Beogh  |     1 |       |       |       |       |       |       |       ||     1
       Smiting           |       |       |     4 |     3 |    13 |     1 |     6 |    26 ||    53
       Give Item to Name |       |       |       |     3 |     4 |     4 |     6 |     3 ||    20
       Recall Orcish Fol |       |       |       |     2 |     8 |     6 |     5 |    12 ||    33
       Resurrection      |       |       |       |       |     2 |       |     1 |     1 ||     4
       Stop Recall       |       |       |       |       |     2 |     1 |     2 |     7 ||    12
Evoke: Wand              |       |       |       |    10 |     3 |       |       |       ||    13
  Use: Potion            |       |     1 |       |     5 |     8 |     9 |     2 |     9 ||    34
       Scroll            |       |     1 |     6 |     8 |    30 |    12 |    13 |    17 ||    87
 Stab: Distracted        |       |       |       |     2 |     8 |    14 |    11 |    20 ||    55
       Petrified         |       |       |       |       |     3 |     2 |       |       ||     5
       Paralysed         |       |       |       |       |       |       |     2 |       ||     2
  Eat: Chunk             |       |     7 |    11 |    11 |    11 |     5 |     8 |     2 ||    55
       Ration            |       |       |       |     3 |     8 |     9 |     9 |     9 ||    38
Armor: Scale mail        |    85 |       |       |       |       |       |       |       ||    85
       Chain mail        |    12 |    21 |       |       |       |       |       |       ||    33
       Fire dragon scale |       |    69 |   165 |    85 |   265 |   171 |    36 |       ||   791
       Storm dragon scal |       |       |       |       |       |       |   283 |    58 ||   341
       Gold dragon scale |       |       |       |       |       |       |       |   318 ||   318
Dodge: Dodged            |    47 |    34 |    60 |    63 |   183 |   155 |   326 |   319 ||  1187
Block: Kite shield       |    87 |    11 |       |       |       |       |       |       ||    98
       Tower shield      |       |   135 |   318 |   317 |   755 |   606 |   989 |  1068 ||  4188
       Reflection        |       |       |     3 |    12 |    67 |       |     5 |       ||    87
       Buckler           |       |       |       |       |       |       |    22 |       ||    22

Table legend:
 A = Non-vault XP
 B = Vault XP
 C = Vault XP percentage of total XP
 D = Non-vault monster count
 E = Vault monster count
 F = Vault count percentage of total count
                 A         B        C        D         E       F
            +---------+---------+-------+---------+---------+-------
      Total |  429273 |  532553 |  55.4 |    1180 |     865 |  42.3
            +---------+---------+-------+---------+---------+-------
        D:1 |      40 |       5 |  11.1 |      22 |       4 |  15.4
        D:2 |     185 |       0 |   0.0 |      29 |       0 |   0.0
        D:3 |     243 |       0 |   0.0 |      31 |       0 |   0.0
        D:4 |     508 |     273 |  35.0 |      21 |       4 |  16.0
        D:5 |     452 |     454 |  50.1 |      20 |       2 |   9.1
        D:6 |     478 |     215 |  31.0 |      17 |       3 |  15.0
        D:7 |     640 |    1737 |  73.1 |      23 |      21 |  47.7
        D:8 |    1881 |     428 |  18.5 |      31 |       3 |   8.8
        D:9 |    1194 |       0 |   0.0 |      16 |       0 |   0.0
       D:10 |    2412 |    1357 |  36.0 |      23 |       5 |  17.9
       D:11 |    2781 |    1805 |  39.4 |      14 |       8 |  36.4
       D:12 |    3567 |       0 |   0.0 |      21 |       0 |   0.0
       D:13 |    6945 |     517 |   6.9 |      32 |       1 |   3.0
       D:14 |    7127 |    3109 |  30.4 |      32 |       3 |   8.6
       D:15 |    6756 |    7386 |  52.2 |      20 |      10 |  33.3
     Lair:1 |     806 |     208 |  20.5 |      10 |       7 |  41.2
     Lair:2 |    2808 |     764 |  21.4 |      15 |       2 |  11.8
     Lair:3 |    1129 |       0 |   0.0 |       8 |       0 |   0.0
     Lair:4 |    1072 |     485 |  31.1 |       7 |       2 |  22.2
     Lair:5 |    5642 |    1622 |  22.3 |      27 |      20 |  42.6
     Lair:6 |    9493 |    9150 |  49.1 |      28 |      48 |  63.2
   Shoals:1 |    4210 |    1734 |  29.2 |      11 |       6 |  35.3
   Shoals:2 |    7046 |    4631 |  39.7 |      17 |       5 |  22.7
   Shoals:3 |    6194 |    8629 |  58.2 |      15 |      16 |  51.6
   Shoals:4 |    3237 |    7872 |  70.9 |      11 |      19 |  63.3
   Spider:1 |    6858 |       0 |   0.0 |      33 |       0 |   0.0
   Spider:2 |     864 |       0 |   0.0 |       6 |       0 |   0.0
   Spider:3 |    5031 |       0 |   0.0 |      22 |       0 |   0.0
   Spider:4 |    7074 |   15839 |  69.1 |      26 |      42 |  61.8
      Orc:1 |    2068 |     999 |  32.6 |       8 |       7 |  46.7
      Orc:2 |    1763 |    6955 |  79.8 |      14 |      23 |  62.2
      Elf:1 |    5664 |    4482 |  44.2 |      13 |       8 |  38.1
      Elf:2 |   12651 |   18826 |  59.8 |      24 |      29 |  54.7
      Elf:3 |    5667 |   34884 |  86.0 |      13 |      29 |  69.0
   Vaults:1 |   27167 |    4673 |  14.7 |      58 |      11 |  15.9
   Vaults:2 |   34639 |   12990 |  27.3 |      72 |      21 |  22.6
   Vaults:3 |   28431 |   27289 |  49.0 |      54 |      34 |  38.6
   Vaults:4 |   34759 |  110995 |  76.2 |      62 |     150 |  70.8
   Vaults:5 |   12293 |   12855 |  51.1 |      18 |      10 |  35.7
   Depths:1 |   21835 |    2033 |   8.5 |      42 |      15 |  26.3
   Depths:2 |   19237 |   10240 |  34.7 |      50 |      22 |  30.6
   Depths:3 |       0 |   67296 | 100.0 |       0 |      79 | 100.0
   Depths:4 |   18373 |   31857 |  63.4 |      29 |      34 |  54.0
   Depths:5 |   42694 |   13386 |  23.9 |      69 |       9 |  11.5
      Zot:1 |     469 |       0 |   0.0 |       1 |       0 |   0.0
      Zot:2 |   11863 |       0 |   0.0 |      16 |       0 |   0.0
      Zot:3 |   21580 |       0 |   0.0 |      21 |       0 |   0.0
      Zot:4 |    8872 |       0 |   0.0 |       5 |       0 |   0.0
      Zot:5 |   22575 |   54422 |  70.7 |      23 |      18 |  43.9
      Sewer |       0 |      51 | 100.0 |       0 |      15 | 100.0
      IceCv |       0 |    6721 | 100.0 |       0 |      30 | 100.0
 Desolation |       0 |   40935 | 100.0 |       0 |      85 | 100.0
   Gauntlet |       0 |    2444 | 100.0 |       0 |       5 | 100.0
            +---------+---------+-------+---------+---------+-------
